 Dungeon Crawl Stone Soup version 0.32-a0-141-g04fe69798e (webtiles) character file.

Game seed: 11285417398063352996

1969066 Kenran the Intangible (level 27, 146/146 HPs)
             Began as a Spriggan Hunter on Feb 11, 2024.
             Was the Champion of Hepliaklqana.
             Escaped with the Orb
             ... and 3 runes
             ... and 2 gems!
             The game lasted 02:43:05 (63849 turns).

Kenran the Intangible (Spriggan Hunter)            Turns: 63849, Time: 02:43:06

Health: 146/146    AC:  8    Str:  3 (5)  XL:     27
Magic:  41/41      EV: 56    Int: 14 (15) God:    Hepliaklqana [******]
Gold:   3551       SH:  0    Dex: 27      Spells: 27/28 levels left

rFire   + + +        a - +8 arbalest (flame)
rCold   + . .        (shield currently unavailable)
rNeg    + . .        E - +1 robe "Wiozumua" {rPois rF++ Int+3}
rPois   +            P - +2 hat
rElec   .            V - +2 cloak
rCorr   .            (gloves unavailable)
SInv    +            (boots unavailable)
Will    ++++.        n - amulet of regeneration
Stlth   +++          y - +5 ring of evasion
HPRegen 1.24/turn    s - ring of the Cicada {+Blink rF+ rC+ rN+ Int+2}
MPRegen 0.27/turn

%: no passive effects
@: very quick
A: reduced essence, very small, no large weapons, unfitting armour, see
invisible, speed 3, clumsy 2, dopey 1, weak 1
0: Orb of Zot
}: 3/15 runes: decaying, serpentine, abyssal
a: Renounce Religion, Evoke Blink, Recall Ancestor, Ancestor Identity,
Transference, Idealise


You escaped.
You worshipped Hepliaklqana.
Hepliaklqana was exalted by your worship.
You visited 11 branches of the dungeon, and saw 50 of its levels.
You visited the Abyss 2 times.
You also visited: Bailey, Gauntlet and Volcano.

You collected 4512 gold pieces.
You spent 961 gold pieces at shops.

Inventory:

Hand Weapons
 a - a +8 arbalest of flaming (weapon)
 b - a +1 arbalest of freezing
 I - a +2 arbalest of draining
Missiles
 L - 3 throwing nets
Armour
 E - the +1 robe "Wiozumua" (worn) {rPois rF++ Int+3}
   (You acquired it in a bailey)

   Int+3:     It affects your intelligence (+3).
   rF++:      It greatly protects you from fire.
   rPois:     It protects you from poison
 H - the +7 faerie dragon scales {rN+ Regen+ rCorr Str+4 Stlth-}
   (You took it off the Enchantress on level 2 of the Depths)

   Str+4:     It affects your strength (+4).
   rN+:       It protects you from negative energy.
   Regen+:    It increases your rate of health regeneration.
   rCorr:     It protects you from acid and corrosion.
   Stlth-:    It makes you less stealthy.
 P - a +2 hat (worn)
 V - a +2 cloak (worn)
Jewellery
 n - an amulet of regeneration (around neck)
 p - a ring of resist corrosion
 s - the ring of the Cicada (right hand) {+Blink rF+ rC+ rN+ Int+2}
   (You found it on level 1 of the Snake Pit)

   [ring of protection from cold]

   Int+2:     It affects your intelligence (+2).
   rF+:       It protects you from fire.
   rC+:       It protects you from cold.
   rN+:       It protects you from negative energy.
   +Blink:    It lets you blink.
 w - the ring "Uzionu" {Ice rElec rN+++ Str-5}
   (You took it off a spriggan air mage on level 2 of the Depths)

   [ring of ice]

   Ice:       It enhances your ice magic.
   Str-5:     It affects your strength (-5).
   rF-:       It makes you vulnerable to fire.
   rC+:       It protects you from cold.
   rElec:     It insulates you from electricity.
   rN+++:     It renders you almost immune to negative energy.
 y - a +5 ring of evasion (left hand)
 K - the ring of Ycoas {Ice Str+6}
   (You found it on level 4 of the Vaults)

   [ring of ice]

   Ice:       It enhances your ice magic.
   Str+6:     It affects your strength (+6).
   rF-:       It makes you vulnerable to fire.
   rC+:       It protects you from cold.
 N - a ring of protection from cold
 U - a +4 ring of slaying
 Y - the amulet of Suspected Treachery {Spirit -Cast +Blink rC+++ Int-5}
   (You found it on level 10 of the Dungeon)

   [amulet of guardian spirit]

   Spirit:    It causes incoming damage to be divided between your reserves of
   health and magic.
   Int-5:     It affects your intelligence (-5).
   rC+++:     It renders you almost immune to cold.
   +Blink:    It lets you blink.
   -Cast:     It prevents spellcasting.
Wands
 c - a wand of paralysis (61)
 o - a wand of polymorph (51)
 u - a wand of iceblast (48)
 x - a wand of digging (28)
 O - a wand of mindburst (18)
 Q - a wand of acid (16)
 R - a wand of flame (39)
Scrolls
 d - 8 scrolls of fog
 e - 10 scrolls of teleportation
 g - 4 scrolls of blinking
 h - 11 scrolls of enchant armour
 k - a scroll of revelation
 z - 6 scrolls of poison
 F - 19 scrolls of identify {@r1}
 J - 7 scrolls of fear
 M - 3 scrolls of butterflies
 Z - a scroll of silence
Potions
 f - 8 potions of attraction {!q}
 i - 4 potions of might
 j - 3 potions of resistance
 l - 8 potions of lignification {!q}
 m - 21 potions of curing {@q1}
 q - 4 potions of cancellation
 r - 5 potions of magic
 t - 8 potions of enlightenment
 A - 8 potions of mutation {!q}
 B - 5 potions of heal wounds {@q2}
 C - 6 potions of haste
 D - 5 potions of invisibility
 G - 3 potions of berserk rage {!q}
Miscellaneous
 v - a phantom mirror
 S - a phial of floods
 T - a lightning rod (4/4)
 W - a box of beasts
 X - a condenser vane (inert)


   Skills:
 + Level 22.8 Fighting
 - Level 18.0 Ranged Weapons
 O Level 27 Dodging
 - Level 15.0 Stealth
 - Level 1.0 Spellcasting
 - Level 3.0 Translocations
 O Level 27 Invocations
 - Level 20.0 Evocations


You had 27 spell levels left.
You knew the following spells:

 Your Spells              Type           Power      Damage    Failure   Level
a - Apportation           Tloc           18%        N/A       8%          1

Your spell library contained the following spells:

 Spells                   Type           Power      Damage    Failure   Level
 Blink                    Tloc           18%        N/A       12%         2
 Lesser Beckoning         Tloc           18%        N/A       12%         2
 Momentum Strike          Conj/Tloc      8%         3d8       22%         2
 Kiss of Death            Conj/Necr      0%         2d5       26%         1
 Necrotise                Necr           0%         1d4       26%         1
 Slow                     Hex            0%         N/A       26%         1
 Cigotuvi's Dreadful Rot  Necr/Alch/Air  0%         N/A       36%         2
 Ensorcelled Hibernation  Hex/Ice        0%         N/A       36%         2
 Jinxbite                 Hex            0%         N/A       36%         2
 Mercury Vapours          Alch/Air       0%         N/A       36%         2
 Scorch                   Fire           0%         2d5       36%         2
 Static Discharge         Conj/Air       0%         3-3/arc   36%         2
 Passage of Golubria      Tloc           9%         N/A       58%         4
 Confusing Touch          Hex            0%         N/A       61%         3
 Frozen Ramparts          Ice            0%         1d1       61%         3
 Fugue of the Fallen      Necr           0%         N/A       61%         3
 Hailstorm                Conj/Ice       0%         3d5       61%         3
 Inner Flame              Hex/Fire       0%         N/A       61%         3
 Mephitic Cloud           Conj/Alch/Air  0%         N/A       61%         3
 Sigil of Binding         Hex            0%         N/A       61%         3
 Stone Arrow              Conj/Erth      0%         3d7       61%         3
 Summon Ice Beast         Ice/Summ       0%         N/A       61%         3
 Tukima's Dance           Hex            0%         N/A       61%         3
 Vampiric Draining        Necr           0%         2d6       61%         3
 Dimensional Bullseye     Hex/Tloc       2%         N/A       80%         4
 Iskenderun's Mystic Bla  Conj/Tloc      4%         2d3       80%         4
 Vhi's Electric Charge    Tloc/Air       8%         N/A       80%         4
 Airstrike                Air            0%         2d(0-16)  95%         4
 Anguish                  Hex/Necr       0%         N/A       95%         4
 Animate Armour           Summ/Erth      0%         N/A       95%         4
 Animate Dead             Necr           0%         N/A       95%         4
 Dispel Undead            Necr           0%         3d6       95%         4
 Flame Wave               Conj/Fire      0%         2d4       95%         4
 Ignite Poison            Fire/Alch      0%         N/A       95%         4
 Leda's Liquefaction      Alch/Erth      0%         N/A       95%         4
 Martyr's Knell           Necr/Summ      0%         N/A       95%         4
 Olgreb's Toxic Radiance  Alch           0%         N/A       95%         4
 Petrify                  Alch/Erth      0%         N/A       95%         4
 Sticky Flame             Fire/Alch      0%         2d4       95%         4
 Summon Blazeheart Golem  Fire/Summ      0%         N/A       95%         4
 Summon Lightning Spire   Summ/Air       0%         N/A       95%         4
 Alistair's Intoxication  Alch           0%         N/A       100%        5
 Arcjolt                  Conj/Air       0%         1d10      100%        5
 Freezing Cloud           Conj/Ice/Air   0%         6-21      100%        5
 Irradiate                Conj/Alch      0%         3d11      100%        5
 Iskenderun's Battlesphe  Conj           0%         2d6       100%        5
 Metabolic Englaciation   Hex/Ice        0%         N/A       100%        5
 Silence                  Hex/Air        0%         N/A       100%        5
 Yara's Violent Unravell  Hex/Alch       0%         3d3       100%        5
 Bombard                  Conj/Erth      0%         9d1       100%        6
 Conjure Ball Lightning   Conj/Air       0%         3x3d6     100%        6
 Death Channel            Necr           0%         N/A       100%        6
 Plasma Beam              Fire/Air       0%         2x1d10    100%        6
 Sculpt Simulacrum        Ice/Alch       0%         N/A       100%        6
 Summon Cactus Giant      Summ           0%         N/A       100%        6
 Enfeeble                 Hex            0%         N/A       100%        7
 Haunt                    Necr/Summ      0%         N/A       100%        7
 Ozocubu's Refrigeration  Ice            0%         4d7       100%        7
 Spellforged Servitor     Conj/Summ      0%         N/A       100%        7
 Borgnjor's Revivificati  Necr           0%         N/A       100%        8
 Discord                  Hex            0%         N/A       100%        8
 Disjunction              Tloc           4%         N/A       100%        8
 Ignition                 Fire           0%         3d3       100%        8
 Infestation              Necr           0%         N/A       100%        8
 Lehudib's Crystal Spear  Conj/Erth      0%         10d2      100%        8
 Chain Lightning          Conj/Air       0%         N/A       100%        9
 Death's Door             Necr           0%         N/A       100%        9
 Fire Storm               Conj/Fire      0%         5d1       100%        9
 Shatter                  Erth           0%         3d5*      100%        9


Dungeon Overview and Level Annotations

Branches:
Dungeon (15/15)            Temple (1/1) D:4            Lair (5/5) D:9
  Swamp (4/4) Lair:2        Snake (4/4) Lair:2        Slime (0/5) Lair:5
    Orc (2/2) D:12            Elf (3/3) Orc:2        Vaults (4/5) D:14
  Crypt (3/3) Vaults:2       Tomb (0/3) Crypt:3      Depths (4/4) D:15
    Zot (5/5) Depths:4     Bailey (visited)         Volcano (visited)
Gauntlet (visited)

Altars:
Ashenzari
Cheibriados
Dithmenos
Elyvilon
Fedhas
Gozag
Hepliaklqana
Kikubaaqudgha
Makhleb
Nemelex Xobeh
Okawaru
Qazlal
Ru
Sif Muna
Trog
Uskayaw
Vehumet
Wu Jian
Xom
Yredelemnul
Zin
The Shining One
Jiyva
Lugonu

Shops:
D:1 [   D:4 *   D:8 !   Orc:1 :   Orc:2 ([!*(   Snake:2 (   Vaults:1 !
Vaults:2 =   Vaults:3 [   Depths:4 ::=

Portals:
Hell: Depths:1 Depths:2 Depths:3 Depths:4
Abyss: Depths:3
Pandemonium: Depths:2
Ziggurat: Depths:1
Trove: Elf:2 (give 15 scrolls of teleportation)

Annotations:
D:11 3 runed translucent doors, feta's ghost, journeyman TrFi
D:13 2 transporters, Xelikh's ghost, journeyman SpDe
D:14 3 runed translucent doors, Samm's ghost, journeyman MiMo
Swamp:3 exclusion: downstairs
Snake:2 exclusion: downstairs
Elf:2 3 runed translucent doors
Vaults:1 36 runed translucent doors
Depths:1 1 transporter
Zot:1 1 transporter, 1 exclusion, Adaxemni's ghost, legendary GrFi
Zot:2 1 transporter, Vv


Innate Abilities, Weirdness & Mutations

Your life essence is reduced to manifest your ancestor. (-10% HP)
You are very small and have problems with some larger weapons.
You are too small for most types of armour.
You have supernaturally acute eyesight. (SInv)
You cover ground extremely quickly. (Speed+++)
You are very clumsy. (Dex -4)
You are dopey. (Int -2)
You are weak. (Str -2)


Message History

Muriel gestures wildly while chanting.
Muriel seems to speed up.
The hellephant completely misses you. The hellephant barely misses you.
The hellephant completely misses you.
You shoot a bolt. The bolt hits the hellephant!!
The bolt burns the hellephant.
The hellephant is almost dead.
Muriel misses the hellephant.
The hellephant tramples you!!
You stumble backwards!
You shoot a bolt. The bolt hits the hellephant.
The bolt burns the hellephant.
The hellephant is almost dead.
Muriel hits the hellephant with a +0 broad axe of speed.
Muriel hits the hellephant with a +0 broad axe of speed!
The hellephant completely misses you. The hellephant misses you.
The hellephant gores you.
You shoot a bolt.
The bolt hits the hellephant but does no damage.
The hellephant is almost dead.
Muriel barely misses the hellephant.
The hellephant breathes flames at you. The blast of flame misses you.
You shoot a bolt. The bolt hits the hellephant!
The bolt burns the hellephant.
You kill the hellephant!
You see here a hellephant corpse.
A sun demon comes into view.
You shoot a bolt. The bolt hits the sun demon.
The sun demon is lightly wounded.
You shoot a bolt. The bolt closely misses the sun demon.
You shoot a bolt. Muriel avoids your attack.
The bolt hits the sun demon!!
The sun demon is heavily wounded.
Muriel hits the sun demon with a +0 broad axe of speed!
The sun demon hits Muriel.
Muriel is engulfed in flames.
Muriel resists.
You shoot a bolt. Muriel avoids your attack.
The bolt hits the sun demon!!
You kill the sun demon!
You swap places.
You open the door.
There is an open door here.
HP restored.
There is a staircase leading out of the dungeon here.
You have escaped!

### ###.............### #
##.......†.........## #
##.........####......## #
##........########....)## #
#)....).####....###.....#
##......###........##....##
#.......##...###...###....#
##......###.R#'###...##....#
####
#.......##..###R@##..##....#
#...
#......###..###.##..###....#
#.##
#......###...##.....##....##
#.#
........##....#######....##
#.#
........###....####......#
#.# ........#
##............## #.##
........## ####......####
#... ...».....# ######## ###
#### .........#### #.#


You could see the friendly Muriel the knight (fast, reflecting).

Vanquished Creatures
  A dread lich (Zot:4)
  2 ancient liches (Zot:5)
  Khufu (Crypt:3)
  4 orbs of fire (Zot:5)
  2 juggernauts
  Xtahua (Vaults:3)
  7 Killer Klowns
  Bai Suzhen (Swamp:3)
  7 golden dragons
  3 caustic shrikes (Depths:4)
  Nikola (Elf:3)
  A profane servitor (Abyss:3)
  3 bone dragons
  the Enchantress (Depths:2)
  2 electric golems (Zot:5)
  A hellephant (D:1)
  Jorgrun (Swamp:1)
  10 tentacled monstrosities
  23 Orb Guardians (Zot:5)
  2 liches
  2 deep elf master archers (Elf:3)
  A deep elf blademaster (Elf:3)
  A quicksilver dragon (Zot:5)
  A titan (Depths:4)
  6 death cobs
  7 sphinxes
  2 tentacled starspawn (Abyss:3)
  4 shadow dragons
  A tengu reaver (Depths:2)
  9 storm dragons
  Roxanne (Swamp:1)
  Aizul (Snake:1)
  5 draconian monks
  3 nagarajas (Snake:4)
  A fenstrider witch (Depths:3)
  6 draconian knights
  2 protean progenitors (Zot:3)
  Louise (Elf:1)
  8 deep elf sorcerers
  2 ghost moths
  2 draconian shifters
  A balrug (Depths:3)
  2 orc warlords
  A deep elf elementalist (Elf:3)
  6 draconian scorchers
  7 vault wardens
  2 curse skulls (Crypt:1)
  A cacodemon (Abyss:3)
  A caustic shrike zombie (Crypt:3)
  6 ghouls
  A draconian stormcaller (Zot:2)
  3 spriggan defenders
  11 ironbound preservers
  7 stone giants
  5 very ugly things
  A formless jellyfish (Vaults:1)
  7 ironbound thunderhulks
  20 vampire knights
  4 deep elf demonologists (Elf:3)
  7 eleionomae
  4 deep elf death magi
  9 white draconians
  9 green draconians
  11 purple draconians
  6 red draconians
  A deep elf annihilator (Elf:3)
  6 yellow draconians
  A minotaur (Gauntlet)
  4 bunyips
  11 black draconians
  16 dire elephants
  3 eidola
  2 fire dragons
  7 ettins
  Josephine (D:12)
  A blizzard demon (Depths:2)
  A crystal guardian (Vaults:4)
  12 jiangshi
  3 entropy weavers
  5 deep elf high priests (Elf:3)
  A shambling mangrove (Swamp:1)
  4 great orbs of eyes
  3 ice dragons
  6 yaktaur captains
  3 spriggan zombies
  A salamander tyrant (Snake:3)
  2 rakshasas
  6 vault guards
  A quicksilver dragon skeleton (Abyss:4)
  An ogre mage (D:15)
  A hell beast (D:8)
  4 hydras
  4 ghost crabs
  3 jorogumos
  3 spriggan air magi
  6 centaur warriors
  2 boulder beetles
  A death knight (Crypt:2)
  5 ironbound frosthearts
  4 satyrs
  4 alligators
  8 anacondas
  12 dancing weapons
  2 catoblepae
  3 tengu warriors
  11 naga warriors
  5 deep troll shamans
  9 two-headed ogres
  3 shock serpents
  3 deep troll earth magi
  A hell hog (Lair:5)
  2 occultists
  12 vampire magi
  4 orc high priests
  3 sun demons
  13 naga sharpshooters
  10 hell knights
  3 thrashing horrors
  5 soul eaters
  6 spriggan berserkers (Depths:2)
  5 deep elf knights
  An iron troll (Depths:2)
  23 skeletal warriors
  Amaemon (Lair:1)
  3 wretched stars (Abyss:4)
  4 fire crabs (D:10)
  6 salamander mystics
  A sixfirhy (Abyss:4)
  A bunyip zombie (Crypt:3)
  7 sea snakes
  2 skysharks
  An iron giant zombie (Crypt:3)
  3 spriggan druids
  3 goliath frogs
  An anaconda zombie (Crypt:2)
  A cherub (Abyss:4)
  3 spectral hydras (Swamp:4)
  A deep troll (shapeshifter) (Depths:4)
  6 mana vipers
  24 phantasmal warriors
  4 glowing orange brains
  A flayed ghost (Crypt:3)
  5 swamp dragons
  3 arcanists
  34 deep trolls
  7 orc knights
  A golden dragon skeleton (Crypt:2)
  10 ironbound convokers
  4 naga ritualists
  4 bog bodies
  11 lindwurms
  4 necromancers
  8 large abominations
  3 deep elf archers
  2 alligator zombies (Swamp:4)
  5 harpies
  13 deep elf zephyrmancers
  A wolf spider zombie (D:12)
  16 deep elf pyromancers
  17 ugly things
  10 orc sorcerers
  Maurice (D:10)
  A salamander (shapeshifter) (D:15)
  A fire giant zombie (Crypt:2)
  4 cyclopes
  2 will-o-the-wisps
  4 worldbinders
  An oklob plant (Lair:2)
  11 salamanders
  3 fauns (Depths:2)
  10 vault sentinels
  20 moths of wrath
  31 black mambas
  7 guardian serpents
  2 rust devils
  A dire elephant zombie (Crypt:3)
  2 naga zombies (Crypt:3)
  A kobold blastminer (Orc:1)
  4 elephants
  5 smoke demons
  10 naga magi
  An apocalypse crab (D:10)
  A shock serpent zombie (Crypt:1)
  2 gargoyles
  5 kobold demonologists
  2 unseen horrors (D:11)
  5 cane toads
  A bunyip simulacrum (Crypt:1)
  7 rime drakes
  2 centaur skeletons (D:12)
  A swamp worm zombie (Swamp:4)
  37 yaktaurs
  A hellion (Abyss:3)
  5 tengu conjurers
  4 efreet
  12 komodo dragons
  5 freezing wraiths
  A guardian mummy (Crypt:3)
  3 hydra zombies (Swamp:4)
  2 bloated husks
  A silent spectre (Abyss:4)
  2 hellwings
  A harpy zombie (Crypt:3)
  A minotaur skeleton (Crypt:2)
  A sea snake skeleton (Crypt:1)
  16 hornets
  A queen bee (shapeshifter) (Elf:1)
  4 ancient zymes
  11 trolls
  Grinder (D:5)
  12 polar bears
  6 tyrant leeches
  14 blink frogs
  Prince Ribbit (D:8)
  9 raiju
  3 spectral swamp dragons (Swamp:4)
  17 spriggans
  3 air elementals (Elf:2)
  21 slime creatures
  2 ynoxinuls
  3 shadows
  A black mamba zombie (Crypt:1)
  14 wraiths
  55 yaks
  A golden eye (Zot:4)
  A water elemental (Elf:1)
  4 wyverns
  A golden eye (shapeshifter) (Depths:2)
  3 steam dragons
  5 vampire mosquitoes
  10 wargs
  3 tyrant leech zombies (Swamp:4)
  A wind drake skeleton (Crypt:3)
  2 basilisks
  2 redbacks (Vaults:1)
  3 chaos spawn
  A swamp worm (shapeshifter) (Depths:2)
  32 nagas
  4 neqoxecs
  18 swamp worms
  A skyshark zombie (Crypt:3)
  An acid dragon (Lair:5)
  18 water moccasins
  15 hell hounds
  9 swamp drakes
  An ice beast (D:6)
  11 laughing skulls
  27 orc warriors
  10 black bears (Lair:5)
  6 boggarts
  A swamp dragon zombie (Swamp:4)
  8 ogres
  6 starcursed masses (Abyss:4)
  34 wolves
  11 centaurs
  A weeping skull (Abyss:3)
  7 phantoms
  An elf zombie (Elf:1)
  A kobold brigand (D:10)
  A brain worm (Abyss:4)
  11 bullfrogs
  A gnoll sergeant (D:7)
  3 necrophages
  An earth elemental (Elf:2)
  9 small abominations
  3 scorpions
  7 wights
  A yaktaur skeleton (Crypt:2)
  A killer bee (D:10)
  A spriggan skeleton (Crypt:2)
  7 electric eels
  3 howler monkeys
  2 bombardier beetles
  A centaur zombie (Crypt:1)
  2 hounds (D:6)
  2 quasits
  11 orc priests
  A gnoll bouda (D:5)
  4 jellies
  A sleepcap (D:8)
  8 iguanas
  A human skeleton (Crypt:3)
  Ijyb (D:5)
  18 orc wizards
  A boggart skeleton (D:12)
  13 mummies (Crypt:3)
  11 gnolls
  A swamp drake zombie (Crypt:3)
  6 adders
  2 white imps (D:7)
  2 ufetubi
  An iguana zombie (Crypt:3)
  A ribbon worm (D:3)
  3 dart slugs
  40 orcs
  5 bats
  15 endoplasms
  8 giant cockroaches
  14 goblins
  12 hobgoblins
  4 quokkas
  6 ball pythons
  A frilled lizard (D:2)
  10 kobolds
  2 rats
  2 aspiring fleshes (Zot:3)
  A lurking horror (Abyss:3)
  2 starspawn tentacles (Abyss:3)
1728 creatures vanquished.

Vanquished Creatures (collateral kills)
  2 dread liches
  An ancient lich (Abyss:3)
  3 orbs of fire
  A royal mummy (Crypt:3)
  Sojobo (Crypt:1)
  2 Killer Klowns (Zot:5)
  2 caustic shrikes (Depths:4)
  Saint Roka (Crypt:2)
  A curse toe (Zot:3)
  2 golden dragons
  Jory (Vaults:2)
  A profane servitor (Abyss:4)
  2 bone dragons
  An electric golem (Zot:2)
  A hellephant (Abyss:4)
  8 tentacled monstrosities
  A Tzitzimitl (Zot:1)
  A Hell Sentinel (Depths:1)
  2 Orb Guardians (Zot:5)
  2 quicksilver dragons
  Asterion (Snake:3)
  A lich (Depths:2)
  A deep elf master archer (Elf:3)
  Frances (D:14)
  4 sphinxes
  A tentacled starspawn (Abyss:3)
  4 death cobs
  Agnes (Lair:2)
  3 ancient champions
  A thorn hunter (Swamp:4)
  5 storm dragons
  A fenstrider witch (Depths:3)
  4 shadow dragons
  2 tengu reavers
  2 fire giants (Depths:3)
  3 draconian monks
  2 frost giants
  2 draconian shifters
  2 draconian knights
  An angel (Abyss:4)
  3 vault wardens
  2 ghost moths
  A juggernaut zombie (Abyss:1)
  A draconian scorcher (Zot:3)
  2 spriggan defenders (Depths:2)
  7 ghouls
  A demonspawn corrupter (Abyss:4)
  A formless jellyfish (Vaults:3)
  2 ophanim (Abyss:4)
  An ironbound preserver (Vaults:3)
  4 very ugly things
  3 deep elf demonologists
  2 draconian stormcallers
  A vampire knight (Depths:3)
  6 stone giants
  2 deep elf annihilators (Elf:3)
  3 ironbound thunderhulks
  2 bunyips
  A lorocyproca (Zot:2)
  4 deep elf death magi
  A green draconian (Zot:3)
  3 purple draconians
  4 red draconians
  3 dire elephants (Vaults:4)
  2 black draconians
  4 yellow draconians
  2 white draconians
  A war gargoyle (Vaults:4)
  An ettin (D:15)
  2 eidola
  2 deep elf high priests (Elf:3)
  2 green deaths
  A fire dragon (Depths:2)
  2 jiangshi
  2 spriggan zombies
  2 yaktaur captains (Vaults:3)
  2 entropy weavers (D:10)
  A vault guard (Vaults:4)
  A peacekeeper (Vaults:4)
  Fannar (Lair:1)
  2 fenstrider witch zombies
  4 rakshasas
  A jorogumo (Zot:3)
  4 hydras
  An anaconda (Snake:1)
  A death knight (Crypt:3)
  A spriggan air mage (Swamp:4)
  A centaur warrior (D:13)
  An ironbound frostheart (Vaults:4)
  A tengu warrior (Depths:2)
  2 two-headed ogres
  3 naga warriors
  2 vampire magi
  A deep troll shaman (Depths:4)
  10 hell knights
  A spriggan berserker (Depths:4)
  2 orc high priests
  3 naga sharpshooters
  5 wretched stars
  2 deep elf knights (Elf:2)
  A soul eater (Crypt:1)
  11 skeletal warriors
  A fire crab (D:10)
  2 salamander mystics (Snake:4)
  A spatial maelstrom (Abyss:4)
  2 flayed ghosts (Crypt:3)
  A cherub (Abyss:4)
  11 deep trolls
  A sea snake (Snake:2)
  A swamp dragon (Swamp:2)
  A deep elf archer (Elf:2)
  A glowing orange brain (Gauntlet)
  A naga ritualist (Snake:4)
  3 mana vipers (Snake:4)
  2 arcanists
  4 bog bodies
  An anaconda zombie (Crypt:1)
  3 lindwurms
  5 phantasmal warriors
  An ironbound convoker (Vaults:4)
  4 orc knights
  3 harpies
  5 deep elf zephyrmancers
  2 necromancers
  2 deep elf pyromancers
  A frost giant zombie (Crypt:2)
  5 moths of wrath
  A will-o-the-wisp (Swamp:4)
  A cyclops (D:12)
  4 ugly things
  A worldbinder (Abyss:4)
  6 salamanders
  2 elephants
  2 kobold blastminers (Orc:2)
  A naga zombie (Crypt:2)
  9 large abominations
  3 smoke demons
  A vault sentinel (Vaults:4)
  4 black mambas
  An apocalypse crab (Abyss:3)
  3 naga magi
  4 guardian serpents
  4 centaur zombies
  A hellion (Abyss:1)
  A rime drake (Lair:5)
  2 cane toads (Lair:5)
  An orange demon (Lair:1)
  A black draconian zombie (Crypt:2)
  A yaktaur (shapeshifter) (Abyss:1)
  A catoblepas zombie (Crypt:2)
  2 komodo dragons
  5 yaktaurs
  A tengu conjurer (Depths:2)
  3 freezing wraiths (Crypt:2)
  A harpy zombie (Crypt:3)
  A tormentor (D:5)
  2 ancient zymes
  3 hydra zombies
  4 hellwings
  A troll (Orc:2)
  A polar bear (Lair:2)
  5 hornets
  A bloated husk (Swamp:4)
  A harpy skeleton (Crypt:1)
  A spectral swamp dragon (Swamp:4)
  2 raiju
  7 slime creatures
  7 spriggans
  Sigmund (D:5)
  An ice dragon skeleton (Crypt:1)
  6 small abominations
  5 wraiths
  13 yaks
  A fire elemental (Abyss:4)
  A water elemental (Elf:1)
  2 tyrant leech zombies (Swamp:4)
  A neqoxec (Abyss:3)
  3 swamp worms
  A vampire mosquito (Swamp:4)
  2 chaos spawn
  A demonspawn zombie (Crypt:3)
  8 nagas
  2 spatial vortices (Abyss:4)
  A water moccasin (Lair:1)
  An acid dragon (D:13)
  A hell hound (Lair:5)
  A swamp drake (Swamp:1)
  7 laughing skulls
  3 orc warriors
  An ice beast (D:6)
  A swamp dragon zombie (Swamp:4)
  A black bear (Lair:5)
  A boggart (Vaults:1)
  A hog zombie (Crypt:2)
  3 wolves
  2 phantoms
  A yaktaur zombie (Crypt:2)
  A salamander zombie (Crypt:1)
  2 bullfrogs
  An elf zombie (Elf:1)
  A water moccasin zombie (Crypt:1)
  A wight (D:7)
  A quasit (Abyss:3)
  A jelly (Lair:5)
  6 orc priests
  2 starcursed masses (Abyss:4)
  A hound (D:6)
  A basilisk skeleton (Crypt:1)
  An iguana (Lair:5)
  2 orc wizards (Orc:2)
  A boggart skeleton (Crypt:3)
  A mummy (Crypt:3)
  A gnoll (D:7)
  A shadow imp (D:8)
  6 orcs
  A goblin (Bailey)
  2 hobgoblins (Bailey)
  A kobold (D:13)
  A jackal skeleton (Crypt:2)
  A butterfly (Lair:5)
  A spectral weapon (Zot:3)
504 creatures vanquished.

Vanquished Creatures (others)
  4 yaktaur captains
  A two-headed ogre (D:12)
  A satyr (Depths:2)
  2 deep elf archers
  A deep elf zephyrmancer (Elf:2)
  A deep elf pyromancer (Elf:1)
  2 fauns (Depths:2)
  8 yaktaurs
  2 bloated husks (Swamp:4)
  A small abomination (Abyss:1)
  2 phantoms (Swamp:4)
  61 knights
  An orc (Orc:2)
  4 foxfires
  A lurking horror (Abyss:4)
  2 starspawn tentacles (Abyss:3)
94 creatures vanquished.

Grand Total: 2326 creatures vanquished

Notes
Turn   | Place    | Note
-------+----------+-------------------------------------------
     0 | D:1      | Kenran the Spriggan Hunter began the quest for the Orb.
     0 | D:1      | Reached XP level 1. HP: 10/10 MP: 2/2
   342 | D:1      | Found Ydghel's Armour Shoppe.
   371 | D:1      | Reached XP level 2. HP: 14/14 MP: 3/3
   856 | D:2      | Reached skill level 5 in Ranged Weapons
   891 | D:2      | Reached XP level 3. HP: 18/18 MP: 4/4
   923 | D:2      | Found a hide-covered altar of Uskayaw.
  1703 | D:3      | Reached XP level 4. HP: 22/22 MP: 5/5
  1900 | D:3      | Found a shimmering altar of Xom.
  2443 | D:4      | Found a staircase to the Ecumenical Temple.
  2448 | Temple   | Entered the Ecumenical Temple
  2459 | Temple   | Became a worshipper of Hepliaklqana the Forgotten
  2527 | D:3      | Reached XP level 5. HP: 10/25 MP: 6/6
  2836 | D:4      | Found Xarghuaci's Lightly-Used Armoury.
  3008 | D:1      | Bought a +2 robe of cold resistance for 177 gold pieces
  3128 | D:5      | Entered Level 5 of the Dungeon
  3170 | D:5      | Noticed Grinder
  3173 | D:5      | Reached XP level 6. HP: 30/30 MP: 7/7
  3427 | D:5      | Found a bloodstained altar of Trog.
  3488 | D:5      | Reached * piety under Hepliaklqana
  3575 | D:5      | Killed Grinder
  3576 | D:5      | Reached XP level 7. HP: 29/29 MP: 8/8
  3590 | D:5      | Noticed Ijyb
  3592 | D:5      | Killed Ijyb
  3599 | D:5      | Noticed Sigmund
  3608 | D:5      | Killed Sigmund
  3768 | D:5      | Found a shimmering blue altar of Sif Muna.
  3777 | D:5      | Found an ancient bone altar of Kikubaaqudgha.
  3786 | D:5      | Found a radiant altar of Vehumet.
  3874 | D:5      | Reached skill level 10 in Ranged Weapons
  4077 | D:5      | Reached XP level 8. HP: 35/35 MP: 9/9
  4604 | D:6      | Reached ** piety under Hepliaklqana
  4605 | D:6      | Remembered your ancestor Muriel as a knight
  4888 | D:6      | Found a burning altar of Makhleb.
  4888 | D:6      | Found a basalt altar of Yredelemnul.
  4895 | D:6      | Found a hide-covered altar of Uskayaw.
  4897 | D:6      | Found a glowing silver altar of Zin.
  4899 | D:6      | Found a broken altar of Ashenzari.
  5706 | D:7      | Reached XP level 9. HP: 41/41 MP: 10/10
  6019 | D:7      | Reached skill level 5 in Fighting
  6472 | D:7      | Found a snail-covered altar of Cheibriados.
  6472 | D:7      | Found a white marble altar of Elyvilon.
  6563 | D:8      | Identified a scroll of acquirement
  6564 | D:8      | Acquired a +5 ring of evasion
  6691 | D:8      | Reached *** piety under Hepliaklqana
  6738 | D:8      | Found Behatzur's Distillery.
  6760 | D:8      | Bought a potion of heal wounds for 80 gold pieces
  6760 | D:8      | Bought a potion of heal wounds for 80 gold pieces
  6760 | D:8      | Bought a potion of haste for 160 gold pieces
  6812 | D:8      | Noticed Prince Ribbit
  6816 | D:8      | Killed Prince Ribbit
  6829 | D:8      | Found a flagged portal.
  6835 | Bailey   | Entered a bailey
  6895 | Bailey   | Reached XP level 10. HP: 45/45 MP: 11/11
  7246 | Bailey   | Found an iron altar of Okawaru.
  7246 | Bailey   | Noticed an orc sorcerer
  7399 | Bailey   | Killed an orc sorcerer
  7461 | Bailey   | Acquired the +1 robe "Wiozumua" {rPois rF++ Int+3}
  7789 | D:9      | Found a staircase to the Lair.
  7796 | D:9      | Reached skill level 1 in Invocations
  8284 | D:10     | Entered Level 10 of the Dungeon
  8432 | D:10     | Reached skill level 15 in Ranged Weapons
  8456 | D:10     | Reached **** piety under Hepliaklqana
  8486 | D:10     | Reached skill level 5 in Dodging
  8651 | D:10     | Reached XP level 11. HP: 49/49 MP: 14/14
  8654 | D:10     | Noticed Maurice
  8719 | D:10     | Noticed a two-headed ogre
  8728 | D:10     | Killed a two-headed ogre
  9036 | D:10     | Noticed a two-headed ogre
  9039 | D:10     | Killed a two-headed ogre
  9110 | D:10     | Killed Maurice
  9237 | D:10     | Found a runed translucent door.
  9243 | D:10     | Noticed a fire crab
  9285 | D:10     | Reached skill level 10 in Dodging
  9290 | D:10     | Reached skill level 1 in Evocations
  9393 | Lair:1   | Entered Level 1 of the Lair of Beasts
  9424 | Lair:1   | Noticed Fannar
  9532 | Lair:1   | Killed Fannar
  9533 | Lair:1   | Reached skill level 5 in Stealth
  9595 | Lair:1   | Found a dark tunnel.
  9600 | Lair:1   | Reached skill level 5 in Invocations
  9600 | Lair:1   | Reached skill level 5 in Evocations
  9605 | Volcano  | Entered a volcano
  9608 | Volcano  | Reached XP level 12. HP: 54/54 MP: 16/16
  9610 | Volcano  | Found a large runed translucent door.
  9612 | Volcano  | Found a large runed translucent door.
  9614 | Volcano  | Noticed a centaur warrior
  9680 | Volcano  | Noticed a centaur warrior
  9687 | Volcano  | Killed a centaur warrior
  9722 | Volcano  | Found a large runed translucent door.
  9723 | Volcano  | Found a large runed translucent door.
 10377 | Lair:1   | Reached ***** piety under Hepliaklqana
 10378 | Lair:1   | Noticed Amaemon
 10392 | Lair:1   | Killed Amaemon
 10785 | Lair:2   | Found a staircase to the Snake Pit.
 10879 | Lair:2   | Found a staircase to the Swamp.
 11546 | Lair:2   | Reached XP level 13. HP: 48/56 MP: 16/20
 11903 | Lair:2   | Identified the +5 trident "Mid Ent" {venom, *Corrode +Blink
                  | rC- Str+6}
 13219 | Lair:4   | Reached skill level 15 in Dodging
 13343 | Lair:4   | Found a gate leading to a gauntlet.
 13417 | Gauntlet | Entered a Gauntlet
 13417 | Gauntlet | Found a transporter.
 13417 | Gauntlet | Found a transporter.
 13429 | Gauntlet | Found a transporter.
 13447 | Gauntlet | Found a transporter.
 13447 | Gauntlet | Found a transporter.
 13447 | Gauntlet | Found a transporter.
 13449 | Gauntlet | Found a transporter.
 13449 | Gauntlet | Found a transporter.
 13462 | Gauntlet | Found a transporter.
 13478 | Gauntlet | Found a transporter.
 13479 | Gauntlet | Noticed a reaper
 13488 | Gauntlet | Found a transporter.
 13496 | Gauntlet | Found the +2 pair of slick slippers {slick, slippery, EV+4}
 13505 | Gauntlet | Found a transporter.
 13522 | Gauntlet | Found a transporter.
 13534 | Gauntlet | Found a transporter.
 13586 | Gauntlet | Got the Vellum of the Electric Door
 13807 | Gauntlet | Noticed a minotaur
 13821 | Gauntlet | Killed a minotaur
 14091 | Lair:5   | Entered Level 5 of the Lair of Beasts
 14289 | Lair:5   | Reached XP level 14. HP: 58/64 MP: 19/21
 14361 | Lair:5   | Found a viscous altar of Jiyva.
 14361 | Lair:5   | Found a staircase to the Slime Pits.
 14695 | Lair:5   | Reached ****** piety under Hepliaklqana
 14920 | Lair:5   | Reached skill level 10 in Fighting
 16427 | D:10     | Identified the amulet of Suspected Treachery {Spirit -Cast
                  | +Blink rC+++ Int-5}
 16592 | D:11     | Reached skill level 10 in Invocations
 16633 | D:11     | Reached XP level 15. HP: 72/72 MP: 23/23
 16803 | D:11     | Found a runed translucent gate.
 16804 | D:11     | Found a runed translucent gate.
 16805 | D:11     | Found a runed translucent gate.
 16807 | D:11     | Noticed feta's ghost (journeyman TrFi)
 17214 | D:12     | Noticed Josephine
 17227 | D:12     | Killed Josephine
 17395 | D:12     | Found a staircase to the Orcish Mines.
 17589 | D:12     | Found the +4 Cigotuvi's embrace {Corpsefed rMiasma ^Drain
                  | rN+}
 17746 | D:13     | Found a transporter.
 17757 | D:13     | Noticed Xelikh's ghost (journeyman SpDe)
 17787 | D:13     | Found a transporter.
 17790 | D:13     | Identified the +0 great mace of Patience {protect, rC++}
 17868 | D:14     | Found a runed translucent gate.
 17868 | D:14     | Found a runed translucent gate.
 17989 | D:14     | Found a gate to the Vaults.
 18246 | D:14     | Found a stormy altar of Qazlal.
 18252 | D:15     | Entered Level 15 of the Dungeon
 18346 | D:15     | Found a broken altar of Ashenzari.
 18519 | D:15     | Identified the +4 rapier of True Grit {protect, Will++}
 18543 | D:15     | Found a staircase to the Depths.
 18546 | D:15     | Got a smoky gem with 1121 turns to spare
 18803 | D:14     | Found a runed translucent gate.
 18804 | D:14     | Noticed Samm's ghost (journeyman MiMo)
 18806 | D:14     | Found an iron altar of Okawaru.
 18857 | D:14     | Noticed Frances
 18872 | D:14     | Killed Frances
 19614 | Orc:1    | Entered Level 1 of the Orcish Mines
 19619 | Orc:1    | Found a burning altar of Makhleb.
 19620 | Orc:1    | Found a burning altar of Makhleb.
 19912 | Orc:1    | Found Xaek's Book Boutique.
 20058 | Orc:2    | Entered Level 2 of the Orcish Mines
 20062 | Orc:2    | Found a staircase to the Elven Halls.
 20220 | Orc:2    | Found Xooz's Antique Weapon Boutique.
 20233 | Orc:2    | Reached XP level 16. HP: 56/76 MP: 26/26
 20734 | Orc:2    | Found Peer's Antique Armour Shop.
 20734 | Orc:2    | Found Weops's Antique Weapon Emporium.
 20741 | Orc:2    | Found Pacai's Distillery.
 20741 | Orc:2    | Found Teet Olu's General Store.
 21027 | Swamp:1  | Entered Level 1 of the Swamp
 21206 | Swamp:1  | Noticed Jorgrun
 21219 | Swamp:1  | Killed Jorgrun
 21387 | Swamp:1  | Noticed Roxanne
 21526 | Swamp:1  | Killed Roxanne
 21569 | Swamp:2  | Noticed a tentacled monstrosity
 21577 | Swamp:2  | Killed a tentacled monstrosity
 22812 | Snake:1  | Entered Level 1 of the Snake Pit
 22841 | Snake:1  | Identified the ring of the Cicada {+Blink rF+ rC+ rN+
                  | Int+2}
 22841 | Snake:1  | Identified the serpent talisman "Duops" {Str+3}
 22841 | Snake:1  | Noticed Aizul
 22863 | Snake:1  | Noticed Agnes
 22992 | Swamp:4  | Entered Level 4 of the Swamp
 23233 | Swamp:4  | Noticed a thorn hunter
 23304 | Swamp:4  | Noticed Bai Suzhen
 23512 | Swamp:3  | Killed Bai Suzhen
 23513 | Swamp:3  | Reached skill level 15 in Invocations
 23573 | Swamp:4  | Killed a thorn hunter
 23597 | Swamp:4  | Reached XP level 17. HP: 83/83 MP: 29/29
 24095 | Swamp:4  | Noticed a bone dragon
 24102 | Swamp:4  | Killed a bone dragon
 24187 | Swamp:4  | Got a decaying rune of Zot
 24883 | Lair:2   | Killed Agnes
 25034 | Snake:1  | Killed Aizul
 26657 | Snake:2  | Found Kitwec's Weapon Shoppe.
 26933 | Snake:3  | Identified the +3 robe of the Locust {rElec rC- MP+9 Int+6
                  | SInv}
 26968 | Snake:3  | Reached skill level 15 in Fighting
 26992 | Snake:3  | Found a blossoming altar of Fedhas.
 26996 | Snake:3  | Noticed Asterion
 27712 | Snake:3  | Reached XP level 18. HP: 93/93 MP: 30/30
 27778 | Snake:3  | Killed Asterion
 28137 | Snake:4  | Entered Level 4 of the Snake Pit
 28644 | Snake:4  | Reached skill level 10 in Evocations
 29221 | Snake:4  | Got a serpentine rune of Zot
 29497 | Vaults:1 | Entered Level 1 of the Vaults
 30309 | Vaults:1 | Found Ilaihab's Distillery.
 30319 | Vaults:1 | Bought a potion of curing for 45 gold pieces
 30319 | Vaults:1 | Bought a potion of curing for 45 gold pieces
 30718 | Vaults:1 | Found a huge runed translucent gate.
 30718 | Vaults:1 | Found a huge runed translucent gate.
 30718 | Vaults:1 | Found a huge runed translucent gate.
 30718 | Vaults:1 | Found a huge runed translucent gate.
 30718 | Vaults:1 | Found a huge runed translucent gate.
 30718 | Vaults:1 | Found a huge runed translucent gate.
 30718 | Vaults:1 | Found a huge runed translucent gate.
 30718 | Vaults:1 | Found a huge runed translucent gate.
 30718 | Vaults:1 | Found a huge runed translucent gate.
 30719 | Vaults:1 | Found a huge runed translucent gate.
 30719 | Vaults:1 | Found a huge runed translucent gate.
 30719 | Vaults:1 | Found a huge runed translucent gate.
 30719 | Vaults:1 | Found a huge runed translucent gate.
 30719 | Vaults:1 | Found a huge runed translucent gate.
 30719 | Vaults:1 | Found a huge runed translucent gate.
 30726 | Vaults:1 | Found a huge runed translucent gate.
 30727 | Vaults:1 | Found a huge runed translucent gate.
 30727 | Vaults:1 | Found a huge runed translucent gate.
 30727 | Vaults:1 | Found a huge runed translucent gate.
 30727 | Vaults:1 | Found a huge runed translucent gate.
 30729 | Vaults:1 | Found a huge runed translucent gate.
 30730 | Vaults:1 | Found a huge runed translucent gate.
 30731 | Vaults:1 | Found a huge runed translucent gate.
 30731 | Vaults:1 | Found a huge runed translucent gate.
 30736 | Vaults:1 | Found a huge runed translucent gate.
 30737 | Vaults:1 | Found a huge runed translucent gate.
 30737 | Vaults:1 | Found a huge runed translucent gate.
 30737 | Vaults:1 | Found a huge runed translucent gate.
 30737 | Vaults:1 | Found a huge runed translucent gate.
 30739 | Vaults:1 | Found a huge runed translucent gate.
 30740 | Vaults:1 | Found a huge runed translucent gate.
 30741 | Vaults:1 | Found a huge runed translucent gate.
 30741 | Vaults:1 | Found a huge runed translucent gate.
 30902 | Vaults:1 | Found a huge runed translucent gate.
 30903 | Vaults:1 | Found a huge runed translucent gate.
 30904 | Vaults:1 | Found a huge runed translucent gate.
 31483 | Vaults:2 | Found Jitar's Jewellery Shop.
 31591 | Vaults:2 | Reached XP level 19. HP: 97/97 MP: 32/32
 32377 | Vaults:2 | Found a staircase to the Crypt.
 32454 | Vaults:2 | Noticed Jory
 32471 | Vaults:2 | Killed Jory
 33243 | Vaults:3 | Noticed Xtahua
 33345 | Vaults:3 | Killed Xtahua
 33698 | Vaults:3 | Found Zuasum's Armour Emporium.
 34545 | Vaults:4 | Identified the +7 flail of Hatred {flame, rC+}
 34616 | Vaults:4 | Identified the ring of Ycoas {Ice Str+6}
 34803 | Vaults:4 | Reached XP level 20. HP: 101/101 MP: 33/33
 34917 | Vaults:4 | Identified the +0 plate armour of Rotini {rF+ Str+5}
 35037 | Vaults:4 | Reached skill level 27 in Dodging
 35910 | Depths:1 | Entered Level 1 of the Depths
 35924 | Depths:1 | Found a one-way gateway to a ziggurat.
 36111 | Depths:1 | Found a transporter.
 36291 | Depths:1 | Found a gateway to Hell.
 36414 | Depths:1 | Noticed a juggernaut
 36509 | Depths:2 | Reached skill level 10 in Stealth
 37167 | Depths:3 | Found a corrupted altar of Lugonu.
 37168 | Depths:3 | Found a one-way gate to the infinite horrors of the Abyss.
 37424 | Depths:3 | Noticed a golden dragon
 37437 | Depths:3 | Killed a golden dragon
 37773 | Depths:3 | Found an opulent altar of Gozag.
 38208 | Depths:2 | Reached XP level 21. HP: 105/105 MP: 35/35
 38664 | Depths:2 | Found a one-way gate leading to the halls of Pandemonium.
 38673 | Depths:2 | Found a radiant altar of Vehumet.
 39354 | Depths:2 | Identified the ring "Uzionu" {Ice rElec rN+++ Str-5}
 39357 | Depths:2 | Noticed the Enchantress
 39507 | Depths:2 | Identified the +5 giant club of Deformation {pain, SInv}
 39507 | Depths:2 | Identified the +0 giant club of Death {speed, *Corrode
                  | *Slow rF+++ Stlth+}
 39611 | Depths:2 | Acquired a manual of Evocations
 39626 | Depths:2 | Identified the +4 giant club "Jiah Akke" {drain, Str+3}
 39626 | Depths:2 | Identified the +5 giant club of Syiful {heavy, rC+ rCorr
                  | Int+3}
 39741 | Depths:2 | Killed the Enchantress
 39908 | Depths:3 | Noticed a dread lich
 39969 | Depths:3 | Killed a dread lich
 40276 | Depths:4 | Entered Level 4 of the Depths
 40524 | Depths:4 | Noticed a golden dragon
 41181 | Depths:4 | Found a gate to the Realm of Zot.
 41639 | Depths:4 | Reached skill level 15 in Evocations
 41772 | Depths:4 | Killed a golden dragon
 41779 | Depths:4 | Noticed a caustic shrike
 41780 | Depths:4 | Noticed a caustic shrike
 41781 | Depths:4 | Noticed a caustic shrike
 41783 | Depths:4 | Noticed a caustic shrike
 42502 | Depths:4 | Found Kakyz's Jewellery Shop.
 42502 | Depths:4 | Found Welesh's Book Shoppe.
 42503 | Depths:4 | Found Imoogeol's Book Shoppe.
 42556 | Depths:4 | Noticed a caustic shrike
 42571 | Depths:4 | Killed a caustic shrike
 43037 | Depths:4 | Identified the +0 plate armour of Lies {Int+2 Slay+2}
 43353 | Depths:4 | Killed a caustic shrike
 43354 | Depths:4 | Reached skill level 15 in Stealth
 43421 | Depths:4 | Killed a caustic shrike
 43445 | Depths:4 | Killed a caustic shrike
 43509 | Depths:4 | Killed a caustic shrike
 43675 | Depths:4 | Found a gate to the Realm of Zot.
 43824 | Depths:4 | Found Kakyz's Jewellery Shop.
 43824 | Depths:4 | Found Welesh's Book Shoppe.
 43826 | Depths:4 | Found Imoogeol's Book Shoppe.
 44058 | Elf:1    | Entered Level 1 of the Elven Halls
 44081 | Elf:1    | Found a shimmering blue altar of Sif Muna.
 44198 | Elf:1    | Noticed Louise
 44206 | Elf:1    | Killed Louise
 44295 | Elf:1    | Reached XP level 22. HP: 109/109 MP: 37/37
 44576 | Elf:2    | Found a runed translucent gate.
 44605 | Elf:2    | Found a portal to a secret trove of treasure.
 44667 | Elf:3    | Entered Level 3 of the Elven Halls
 44879 | Elf:3    | Noticed Nikola
 44915 | Elf:3    | Killed Nikola
 45298 | Elf:3    | Identified the +5 great sword "Jogull" {pain, rElec rF-
                  | Int+7}
 45301 | Elf:3    | Identified the +9 double sword of Petwoly {pain, Will+
                  | Dex+4}
 45304 | Elf:3    | Identified the +5 great sword "Raisomud" {flame, rC+ rN+
                  | Int+2}
 45355 | Elf:3    | Identified the +1 falchion "Woel" {holy, rPois rC- rCorr}
 45489 | Elf:3    | Identified the +3 broad axe of Earthquakes {spect, Str+3}
 45593 | Elf:3    | Got the Vademecum on Evil
 45612 | Elf:3    | Identified the staff of Charity {*Slow Fly rElec Stlth+
                  | Summ Air}
 45620 | Elf:3    | Identified the +8 dagger "Jellybane" {flame, Int-2 Dex+5}
 45642 | Elf:3    | Got a shimmering gem with 628 turns to spare
 46110 | Elf:2    | Found a runed translucent gate.
 46130 | Elf:2    | Found a runed translucent gate.
 46448 | Elf:1    | Reached XP level 23. HP: 114/114 MP: 38/38
 46512 | Elf:1    | Got the Spellbook of Profane Words
 47091 | Crypt:1  | Entered Level 1 of the Crypt
 47182 | Crypt:1  | Noticed Sojobo
 47215 | Crypt:1  | Killed Sojobo
 48220 | Crypt:2  | Reached XP level 24. HP: 120/120 MP: 39/39
 48509 | Crypt:2  | Noticed Saint Roka
 48540 | Crypt:2  | Killed Saint Roka
 49046 | Crypt:3  | Entered Level 3 of the Crypt
 49373 | Crypt:3  | Found a staircase to the Tomb.
 50176 | Crypt:3  | Found a basalt altar of Yredelemnul.
 50192 | Crypt:3  | Noticed Khufu
 50224 | Crypt:3  | Killed Khufu
 50230 | Crypt:3  | Noticed a royal mummy
 50252 | Crypt:3  | Killed a royal mummy
 50663 | Crypt:3  | Got the Papyrus of Scorched Lamentation
 51131 | Depths:3 | Voluntarily entered the Abyss.
 51178 | Abyss:1  | Found a shimmering altar of Xom.
 51181 | Abyss:1  | Found a shimmering altar of Xom.
 51181 | Abyss:1  | Found a shimmering altar of Xom.
 51255 | Abyss:1  | Found a corrupted altar of Lugonu.
 51494 | Abyss:2  | Found a bloodstained altar of Trog.
 51497 | Abyss:2  | Found a bloodstained altar of Trog.
 51497 | Abyss:2  | Found a bloodstained altar of Trog.
 51639 | Abyss:3  | Found a corrupted altar of Lugonu.
 51649 | Abyss:3  | Found a corrupted altar of Lugonu.
 51649 | Abyss:3  | Found a corrupted altar of Lugonu.
 51687 | Depths:3 | Escaped the Abyss
 51966 | Depths:3 | Voluntarily entered the Abyss.
 51966 | Abyss:3  | Found a corrupted altar of Lugonu.
 52145 | Abyss:3  | Found a corrupted altar of Lugonu.
 52404 | Abyss:3  | Noticed an ancient lich
 52423 | Abyss:3  | Killed an ancient lich
 52566 | Abyss:4  | Found a corrupted altar of Lugonu.
 52567 | Abyss:4  | Found a shimmering altar of Xom.
 52567 | Abyss:4  | Found a shimmering altar of Xom.
 52568 | Abyss:4  | Found a shimmering altar of Xom.
 52568 | Abyss:4  | Found a shimmering altar of Xom.
 52568 | Abyss:4  | Found a shimmering altar of Xom.
 52568 | Abyss:4  | Found a shimmering altar of Xom.
 52569 | Abyss:4  | Found a shimmering altar of Xom.
 52570 | Abyss:4  | Found a shimmering altar of Xom.
 52928 | Abyss:4  | Reached XP level 25. HP: 106/128 MP: 35/40
 53029 | Abyss:4  | Found a glowing golden altar of the Shining One.
 53067 | Abyss:4  | Noticed a juggernaut
 53079 | Abyss:4  | Killed a juggernaut
 53090 | Abyss:4  | Got an abyssal rune of Zot
 53206 | Depths:3 | Escaped the Abyss
 53304 | Zot:1    | Entered Level 1 of the Realm of Zot
 54332 | Orc:1    | Bought a book of Party Tricks for 374 gold pieces
 54334 | Orc:1    | Learned a level 1 spell: Apportation
 54545 | Zot:1    | Reached skill level 1 in Spellcasting
 54545 | Zot:1    | Reached skill level 1 in Translocations
 55394 | Zot:1    | Noticed Adaxemni's ghost (legendary GrFi)
 55398 | Zot:1    | Identified the +0 cloak "Ugitwieb" {rPois Will- rCorr}
 55408 | Zot:1    | Identified the +3 cloak of Quantum Leap {rF+}
 55480 | Zot:1    | Identified the +7 quarterstaff of the Other Side {freeze,
                  | rPois rF+ Str+6 Int-2}
 55508 | Zot:1    | Found a bloodstained altar of Trog.
 55515 | Zot:1    | Found a transporter.
 56525 | Zot:2    | Found a radiant altar of Vehumet.
 56525 | Zot:2    | Noticed a dread lich
 56525 | Zot:2    | Noticed Vv
 56529 | Zot:2    | Found a transporter.
 56531 | Zot:2    | Noticed an orb of fire
 57155 | Zot:3    | Noticed an orb of fire
 57217 | Zot:3    | Killed an orb of fire
 57404 | Zot:4    | Noticed a Killer Klown
 57404 | Zot:4    | Noticed a Killer Klown
 57404 | Zot:4    | Noticed a Killer Klown
 57404 | Zot:4    | Noticed a Killer Klown
 57404 | Zot:4    | Noticed a Killer Klown
 57433 | Zot:4    | Noticed a juggernaut
 57493 | Zot:3    | Killed a juggernaut
 57494 | Zot:3    | Reached XP level 26. HP: 129/138 MP: 15/40
 59178 | Zot:4    | Identified the +7 spear "Zity" {venom, Str+2 Int+5}
 59998 | Zot:5    | Entered Level 5 of the Realm of Zot
 60578 | Zot:5    | Noticed a dread lich
 60592 | Zot:5    | Killed a dread lich
 60680 | Zot:5    | Noticed an orb of fire
 60682 | Zot:5    | Noticed an orb of fire
 60820 | Zot:5    | Noticed an orb of fire
 60834 | Zot:5    | Killed an orb of fire
 61048 | Zot:5    | Noticed a dread lich
 61055 | Zot:5    | Killed an orb of fire
 61058 | Zot:5    | Noticed an orb of fire
 61164 | Zot:4    | Killed a dread lich
 61295 | Zot:5    | Killed an orb of fire
 61690 | Zot:5    | Noticed an ancient lich
 61694 | Zot:5    | Killed an ancient lich
 61706 | Zot:5    | Noticed an ancient lich
 61715 | Zot:5    | Killed an ancient lich
 61925 | Zot:5    | Killed an orb of fire
 62425 | Zot:5    | Noticed an orb of fire
 62435 | Zot:5    | Gained mutation: You are clumsy. (Dex -2) [an orb of fire]
 62435 | Zot:5    | Gained mutation: You are weak. (Str -2) [an orb of fire]
 62436 | Zot:5    | Gained mutation: You are dopey. (Int -2) [an orb of fire]
 62438 | Zot:5    | Killed an orb of fire
 62439 | Zot:5    | Reached XP level 27. HP: 146/146 MP: 41/41
 62687 | Zot:5    | Noticed an orb of fire
 62692 | Zot:5    | Gained mutation: You are very clumsy. (Dex -4) [an orb of
                  | fire]
 62697 | Zot:5    | Killed an orb of fire
 63029 | Zot:5    | Got the Orb of Zot
 63285 | Depths:1 | Reached skill level 27 in Invocations
 63849 | D:$      | Escaped with the Orb!

Illustrated notes

Levels and vault maps discovered:
D:1:      dpeg_arrival_snail, layout_loops_ring, serial_shops,
          nicolae_shop_hallway_plus, grunt_decor_resistance
D:2:      layout_basic, basic_altar, st_stairs_4
D:3:      layout_loops_corners, xom_teletrap_fun
D:4:      layout_basic, temple_doors_cd, minmay_shop_damaged
D:5:      layout_loops_corners, palyth_temple_overflow_mages,
          lightli_temple_of_fire, uniq_grinder, uniq_ijyb, uniq_sigmund
D:6:      layout_layer_cave, chequers_temple_overflow_minitemple
D:7:      layout_cave_pods, gammafunk_temple_overflow_pools,
          kennysheep_generic_room_3
D:8:      layout_rooms, enter_bailey_3, serial_shops, shop, uniq_prince_ribbit1
D:9:      layout_long_grid, erik_lair_orcish_takeover
D:10:     gammafunk_mikee_crab_dinner, layout_basic, nzn_random_ring,
          uniq_maurice
D:11:     layout_small_grid, gammafunk_ghost_necromancy, grunt_decor_fettered
D:12:     layout_rooms, orc_0_dummy, hellmonk_guarded_unrand_cigotuvi,
          uniq_josephine
D:13:     layout_rooms, gammafunk_ghost_smash
D:14:     nicolae_moon_pools, layout_basic, gammafunk_ghost_fury_of_okawaru,
          nicolae_qazlal_style_of_elements, serial_corexii_hall,
          corexii_hall_statues_x, corexii_hall_statues_x,
          corexii_hall_statues_i, nicolae_fountain_basement, uniq_frances
D:15:     hangedman_depths_entry_civil_slaughter, layout_cave_pools,
          nicolae_ashenzari_skybound
Temple:   hellmonk_temple_flake
Lair:1:   layout_regular_city, enter_volcano_3, minmay_holes, uniq_amaemon,
          uniq_fannar
Lair:2:   cheibrodos_lair_river_kwai, layout_cave_pods,
          mainiacjoe_swamp_entry_lozenge_pond, guppyfry_snake_entry_garden
Lair:3:   kb_forest_paths, layout_big_grid, beast_lair_carwin_5
Lair:4:   layout_long_grid, gauntlet_entry_generic
Lair:5:   guppyfry_lair_end_dragon, layout_regular_city,
          hangedman_lair_caniforms_friends, nicolae_slime_entry_slimehenge,
          lemuel_fruit_fields
Swamp:1:  layout_basic_swamp, evilmike_swamp_ruin_house_6,
          infiniplex_staircase_pool, uniq_jorgrun, uniq_roxanne
Swamp:2:  layout_basic_swamp, nicolae_swamp_small_spring
Swamp:3:  layout_basic_swamp, evilmike_swamp_ruin_house_2, swamp_pool_4
Swamp:4:  swamp_pestilence, layout_basic_swamp, nicolae_swamp_no_escape,
          uniq_bai_suzhen
Snake:1:  layout_misc_corridors, serial_bayou_shore_b, uniq_agnes, uniq_aizul
Snake:2:  layout_cave_town, serial_shops, shop, st_stairs_6,
          serial_bayou_shore_b, lemuel_fruit_tree, serial_bayou_shore_a,
          grunt_megastairs_5
Snake:3:  layout_chambers, basic_altar, uniq_asterion
Snake:4:  johnstein_snake_rune_scales, layout_misc_corridors,
          nicolae_snake_springs
Orc:1:    layout_diamond_mine, serial_shops, nicolae_shop_back_alley_shop,
          basic_altar, bloody_makhleb
Orc:2:    grunt_orc_tribal_feast, layout_diamond_mine, serial_shops,
          nicolae_shop_just_a_little_nook
Elf:1:    layout_loops_corners, basic_altar, minmay_elf_necromancy, uniq_louise
Elf:2:    elven_hall_of_blades_hangedman_original
          [nicolae_blade_entry_area_security], layout_rooms,
          nicolae_trove_entry_isolated, hangedman_elf_disciples
Elf:3:    minmay_elf_hall_not_hex, layout_gridlike, uniq_nikola
Vaults:1: nicolae_vaults_cochlea, nicolae_vaults_shrinking_rooms_2, v_rooms_4,
          nicolae_vaults_trapezoid_lopsided_2, grunt_vaults_funnel, door_vault,
          nicolae_vaults_tetromino_T_2, vaults_room_door_ring,
          nicolae_vaults_trapezoid_3, grunt_vaults_hallway_short,
          serial_library_hellmonk_open_square, ontoclasm_vaults_chip,
          layout_vaults_omnicross, serial_shops, nicolae_shop_tiny_glass
Vaults:2: v_misc_3, minmay_crypt_entry_simple_statues,
          nicolae_vaults_tetromino_Z_1, nicolae_vaults_little_squares_3,
          nicolae_vaults_tangram_2, vaults_room_door_ring,
          hangedman_vaults_locks, hangedman_vaults_corner_blocks,
          vaults_dpeg_cross, vaults_dpeg_encased_lava,
          nicolae_vaults_trapezoid_2, layout_vaults_omnigrid, serial_shops,
          nicolae_shop_hallway_plus, uniq_jory
Vaults:3: nicolae_vaults_disjoint_gnomons, nicolae_vaults_diagonal_hallway_6,
          ontoclasm_vaults_spin, grunt_vaults_swirl, nicolae_vaults_trapezoid_4,
          nicolae_vaults_twisting_passages, v_pattern_1,
          nicolae_vaults_tetromino_Z_2, v_misc_18, nicolae_vaults_trapezoid_1,
          nicolae_vaults_variable_pillar_hall, layout_vaults_big_room,
          serial_shops, nicolae_shop_pleasant_corner_grove, uniq_xtahua
Vaults:4: nicolae_vaults_circle_grid_a, nicolae_vaults_meeting,
          hangedman_vaults_restitches, nicolae_vaults_lightning_bolt,
          ontoclasm_vaults_ligature, v_misc_28, vaults_room_ringed_pool,
          hangedman_vaults_variations, v_misc_2, vaults_room_fours,
          serial_library_hellmonk_semicircle, vaults_room_semicircle,
          hangedman_vaults_river_flow, vaults_dpeg_ring, v_misc_17,
          nicolae_vaults_tetromino_L_2, nicolae_vaults_little_squares_6,
          layout_vaults_maze_snakey
Crypt:1:  layout_chaotic_city, moated_statue, uniq_sojobo
Crypt:2:  layout_basic, roderic_lattice_octagonal_star, uniq_saint_roka
Crypt:3:  church_of_pain_bobbens, layout_chaotic_city,
          nicolae_tomb_entry_unfolded_pyramid_diagonal, uniq_khufu
Depths:1: emtedronai_trogs_sanctum, layout_basic, enter_ziggurat_e,
          minmay_misc_feat_encased, hell_entry,
          amcnicky_mini_rare_corridor_liquid, nicolae_the_louvre
Depths:2: grunt_forest_end_chambers, layout_cave_pools, lemuel_statue_altar,
          rand_demon_pan_entry_3, hell_entry, st_stairs_7
Depths:3: hellmonk_paralyzer, layout_gridlike, lightli_too_deep,
          abyss_entry_flame_altar, hangedman_decor_lopped, st_stairs_11,
          grunt_gozag_statues
Depths:4: grunt_zot_entry_tricorne, layout_gridlike, hell_entry,
          minmay_misc_feat_room, minmay_shop_grove
Zot:1:    layout_gridlike, gammafunk_ghost_wrathful_warriors, zot_minivault_5
Zot:2:    gammafunk_sealed_library, layout_cathedral_of_symmetry,
          regret_index_zotdec_glowing_original, grunt_megastairs_3, uniq_vv
Zot:3:    layout_onion_interference
Zot:4:    ebering_greatest_show_in_zot, layout_gridlike, nicolae_lava_and_water
Zot:5:    layout_twisted_circle

Skill      XL: |  1  2  3  4  5  6  7  8  9 10 11 12 13 14 15 16 17 18 19 20 21 22 23 24 25 26 27 |
---------------+----------------------------------------------------------------------------------+-----
Ranged Weapons | 5 6 7 8 10 11 13 15 16 17 18 | 18.0
Fighting       | 4 5 7 10 12 15 16 18 20 22 | 22.8
Invocations    | 3 5 8 10 12 15 17 19 20 21 22 24 26 27 | 27.0
Dodging        | 6 10 12 15 16 20 22 26 27 | 27.0
Stealth        | 5 10 15 | 15.0
Evocations     | 5 7 10 17 20 | 20.0
Spellcasting   | 1 |  1.0
Translocations | 3 |  3.0

Action                     |  1- 3 |  4- 6 |  7- 9 | 10-12 | 13-15 | 16-18 | 19-21 | 22-24 | 25-27 || total
---------------------------+-------+-------+-------+-------+-------+-------+-------+-------+-------++-------
   Fire: Shortbow          |   113 |    39 |       |       |       |       |       |       |       ||   152
         Arbalest          |       |    68 |   181 |   457 |  1182 |  1443 |  1397 |  1397 |  1285 ||  7410
 Invoke: Ancestor Identity |       |     2 |       |       |       |       |       |       |       ||     2
         Recall Ancestor   |       |       |     2 |     8 |    10 |    16 |    15 |    17 |    14 ||    82
         Ancestor Life: Kn |       |       |     1 |       |       |       |       |       |       ||     1
         Idealise          |       |       |       |       |       |     1 |     2 |     4 |     6 ||    13
         Transference      |       |       |       |       |       |       |     2 |       |       ||     2
  Evoke: Wand              |       |       |       |       |       |     7 |    13 |       |     2 ||    22
         Lightning rod     |       |       |       |       |       |       |     4 |       |       ||     4
         Condenser vane    |       |       |       |       |       |       |     1 |       |     1 ||     2
         Box of beasts     |       |       |       |       |       |       |     1 |       |       ||     1
    Use: Scroll            |     2 |     2 |     8 |     8 |     7 |    16 |    10 |     3 |     4 ||    60
         Potion            |       |       |       |     2 |     1 |     5 |     3 |     4 |     6 ||    21
 Armour: Robe              |     4 |    16 |     9 |    31 |    76 |   119 |    97 |    66 |   134 ||   552
         Skin              |       |       |       |     2 |       |       |       |       |       ||     2
  Dodge: Dodged            |     9 |    28 |    26 |   150 |   465 |   508 |   536 |   471 |   692 ||  2885

Table legend: (Time is in decaauts)
 A = Elapsed time spent in this place.
 B = Non-inter-level travel time spent in this place.
 C = Inter-level travel time spent in this place.
 D = Time resting spent in this place.
 E = Time spent auto-exploring this place.
 F = Levels seen in this place.
 G = Mean time per level.
                   A        B        C        D        E       F      G
               +--------+--------+--------+--------+--------+-----+--------+
         Total |  48292 |  45066 |   3226 |  13953 |  17343 |  58 |  832.6 |
       Dungeon |   9417 |   8456 |    961 |   1192 |   5181 |  15 |  627.8 |
        Temple |     14 |      2 |     12 |      0 |      0 |   1 |   14.0 |
          Lair |   4582 |   4190 |    392 |    829 |   1907 |   5 |  916.4 |
         Swamp |   3034 |   2851 |    183 |   1048 |    884 |   4 |  758.5 |
     Snake Pit |   3147 |   3003 |    144 |    502 |   1552 |   4 |  786.8 |
  Orcish Mines |   1053 |    871 |    182 |    161 |    410 |   2 |  526.5 |
   Elven Halls |   2052 |   1965 |     87 |    356 |    871 |   3 |  684.0 |
        Vaults |   4750 |   4460 |    290 |   1199 |   1945 |   4 | 1187.5 |
         Crypt |   2956 |   2867 |     89 |    791 |    928 |   3 |  985.3 |
        Depths |   6983 |   6484 |    499 |   3175 |   1749 |   4 | 1745.8 |
           Zot |   7782 |   7399 |    383 |   3744 |   1588 |   5 | 1556.4 |
         Abyss |   1438 |   1438 |      0 |    453 |    175 |   5 |  287.6 |
        Bailey |    618 |    618 |      0 |    329 |     55 |   1 |  618.0 |
       Volcano |    129 |    129 |      0 |     43 |     18 |   1 |  129.0 |
      Gauntlet |    331 |    331 |      0 |    129 |     75 |   1 |  331.0 |
               +--------+--------+--------+--------+--------+-----+--------+

Top non-repeatable levels by time:
Depths:4: 3052 daAuts
   Zot:5: 2317 daAuts
   Zot:3: 1885 daAuts
Depths:2: 1716 daAuts
 Crypt:3: 1507 daAuts
 Swamp:4: 1482 daAuts
Depths:3: 1456 daAuts
   Zot:1: 1441 daAuts
Vaults:1: 1426 daAuts
  Lair:2: 1314 daAuts
    D:10: 1307 daAuts
   Zot:4: 1238 daAuts
Vaults:3: 1210 daAuts
Vaults:4: 1159 daAuts
  Lair:5: 1150 daAuts
